cohdb
Replays
Latest Replays
All Replays
Popular Replays
Top Player Replays
Match Explorer
How It Works
Community
CoH3 Stats
Reddit
Sign in to upload your games and track your stats! →
Sign in with Steam
Match 47048212
Unlisted
Match 47048212
Overview
Messages
Build Orders
End
Construct Barracks
Riflemen Squad
Riflemen Squad
M1 Mortar Team
Riflemen Squad
Grenade Package
Mechanized Support Center
Construct Motor Pool
M1 Anti-tank Gun Team
M8 Greyhound Armored Car
Engineer Squad
Designate Forward Repair Station
PvtBaker
FLYCAT
Crossbone
mex
0
0
Comments
sign in to comment!
No comments posted yet!